 Dungeon Crawl Stone Soup version 0.30.1-11-g7821555f0a (webtiles) character file.

Game seed: 14188033118631259913

144 Okkudo the Chopper (level 5, -2/47 HPs)
             Began as a Hill Orc Monk on Dec 7, 2023.
             Was a Believer of Beogh.
             Slain by a scorpion (3 damage)
             ... on level 5 of the Dungeon on Dec 8, 2023.
             The game lasted 00:08:25 (2638 turns).

Okkudo the Chopper (Hill Orc Monk)                  Turns: 2638, Time: 00:08:27

Health: -2/47      AC: 11    Str: 16    XL:     5   Next: 27%
Magic:  5/5        EV:  5    Int: 10    God:    Beogh [**....]
Gold:   208        SH:  0    Dex: 13    Spells: 4/4 levels left

rFire   . . .        a - +0 hand axe
rCold   . . .        d - orb {light}
rNeg    . . .        l - +0 plate armour
rPois   .            (no helmet)
rElec   .            (no cloak)
rCorr   +            (no gloves)
SInv    .            k - +0 pair of boots
Will    .....        (no amulet) Stlth
                     h - ring of resist corrosion
HPRegen 0.27/turn    (no ring)
MPRegen 0.09/turn

%: no passive effects
@: lethally poisoned (-2 -> -6), glowing
A: no striking features
a: Renounce Religion, Smiting


You were on level 5 of the Dungeon.
You worshipped Beogh.
Beogh was pleased with you.
You visited 1 branch of the dungeon, and saw 5 of its levels.

You collected 208 gold pieces.

Inventory:

Hand Weapons
 a - a +0 hand axe (weapon)
Missiles
 o - 16 poisoned darts (quivered)
Armour
 d - an orb of light (worn)
 k - a +0 pair of boots (worn)
 l - a +0 plate armour (worn)
Jewellery
 h - a ring of resist corrosion (left hand)
Scrolls
 b - a scroll of teleportation {unknown}
 f - 9 scrolls of identify {unknown}
 g - a scroll of amnesia {unknown}
 q - a scroll of poison {unknown}
 r - a scroll of torment {unknown}
Potions
 c - a potion of ambrosia
 e - 4 potions of curing {unknown}
 j - 2 potions of haste {unknown}
 m - a potion of mutation {unknown}
 n - a potion of degeneration {unknown}
 p - a potion of might {unknown}
 s - a potion of brilliance {unknown}


   Skills:
 + Level 4.9 Fighting
 * Level 6.3 Axes
 - Level 2.8 Dodging


You had 4 spell levels left.
You didn't know any spells.
Your spell library contained the following spells:

 Spells                   Type           Power      Damage    Failure   Level
 Magic Dart               Conj           0%         1d3       100%        1
 Searing Ray              Conj           0%         2d4       100%        2
 Dazzling Flash           Conj/Hex       0%         N/A       100%        3
 Fulminant Prism          Conj/Hex       0%         3d5       100%        4
 Agony                    Necr           0%         N/A       100%        5
 Silence                  Hex/Air        0%         N/A       100%        5


Dungeon Overview and Level Annotations

Branches:
Dungeon (5/15)
 Temple: D:4-7

Altars:

Shops:
D:4 :

Annotations:
D:4 Menkaure


Message History

It was a scroll of blinking.
Things that are here:
a +0 club; an orc corpse; an adder corpse
There is a stone staircase leading down here.
The hound closely misses you.
You climb downwards.
Found a scroll labelled ZURIZI ZEJU and 4 boomerangs.
Found two stone staircases leading down.
There is a stone staircase leading up here.
You hit the scorpion.
The scorpion is lightly wounded.
The scorpion stings you but does no damage.
You hit the scorpion but do no damage.
The scorpion is lightly wounded.
The scorpion stings you but does no damage.
You hit the scorpion but do no damage.
The scorpion is lightly wounded.
The scorpion stings you.
* * * LOW HITPOINT WARNING * * *
You are poisoned.
The scorpion poisons you!
You hit the scorpion but do no damage.
The scorpion is lightly wounded.
You feel very sick.
The scorpion stings you but does no damage.
You hit the scorpion.
The scorpion is moderately wounded.
You feel sick. The scorpion barely misses you.
You hit the scorpion.
The scorpion is heavily wounded.
You feel sick. The scorpion stings you.
* * * LOW HITPOINT WARNING * * *
The scorpion stings you but does no damage.
You barely miss the scorpion.
The scorpion is heavily wounded.
* * * LOW HITPOINT WARNING * * *
You feel sick.
An iguana comes into view.
The scorpion stings you.
You die...

.... ... ...
... ##...... .
....#.#
......#.#
.>..#...####
....>.s....#...
.......@.......
..........?.#..
...........##
............#
..............
.........#(....
........##.....
........# ..l..


You could see a scorpion and an iguana (wandering).

Vanquished Creatures
  A hound (D:4)
  5 adders
  A worm (D:2)
  A dart slug (D:1)
  An orc (D:4)
  2 bats
  5 endoplasms
  3 giant cockroaches
  7 hobgoblins
  2 jackals (D:2)
  3 quokkas
  10 ball pythons
  3 frilled lizards
  3 goblins
  10 kobolds
  5 rats
62 creatures vanquished.

Vanquished Creatures (others)
  A goblin (D:4)
1 creature vanquished.

Grand Total: 63 creatures vanquished

Notes
Turn   | Place    | Note
-------+----------+-------------------------------------------
     0 | D:1      | Okkudo the Hill Orc Monk began the quest for the Orb.
     0 | D:1      | Reached XP level 1. HP: 19/19 MP: 1/1
   103 | D:1      | Reached XP level 2. HP: 25/27 MP: 2/2
   863 | D:2      | Reached XP level 3. HP: 33/33 MP: 3/3
  1130 | D:2      | Reached skill level 5 in Axes
  1732 | D:3      | Reached XP level 4. HP: 41/41 MP: 4/4
  1959 | D:3      | Found a faded altar of an unknown god.
  2460 | D:4      | Became a worshipper of Beogh the Brigand
  2460 | D:4      | Reached * piety under Beogh
  2460 | D:4      | Reached ** piety under Beogh
  2493 | D:4      | Found Dyerudob's Book Shop.
  2523 | D:4      | Reached skill level 6 in Axes
  2571 | D:4      | Reached XP level 5. HP: 42/47 MP: 5/5
  2595 | D:4      | Noticed Menkaure
  2631 | D:5      | Entered Level 5 of the Dungeon
  2637 | D:5      | HP: 2/47 [scorpion (6)]
  2638 | D:5      | Slain by a scorpion

Illustrated notes

Levels and vault maps discovered:
D:1:      arrival_zaba_pyramid, layout_loops_ring, hangedman_decor_slide_cut,
          hex_medium
D:2:      layout_loops_cross, grunt_ministairs_12, kennysheep_generic_room_14
D:3:      layout_loops_ring, dreamdust_ecumenical_altar_angels_and_demons,
          minmay_shallow_snake_nest
D:4:      layout_basic, serial_shops, nicolae_square_shop, cheibrodos_gnoll_hut,
          uniq_menkaure, uniq_grinder, uniq_edmund, uniq_sigmund
D:5:      layout_cave_pools, temple_green, serial_shops,
          nicolae_shop_hallway_stairs

Skill      XL: |  1  2  3  4 |
---------------+-------------+-----
Fighting       | 4 |  4.9
Axes           | 5 6 |  6.3
Dodging        | |  2.8

Action                     |  1- 3 |  4- 6 || total
---------------------------+-------+-------++-------
  Melee: Hand axe          |   109 |    96 ||   205
 Invoke: Convert to Beogh  |       |     1 ||     1
    Use: Scroll            |       |     1 ||     1
 Armour: Robe              |    12 |       ||    12
         Plate armour      |    12 |    85 ||    97
  Dodge: Dodged            |    47 |    21 ||    68
